 Dungeon Crawl Stone Soup version 0.30-a0-777-ga9a30cbeda (webtiles) character file.

Game seed: 10039616362993694311

526 kae the Digger (level 7, -1/36 HPs)
             Began as a Gargoyle Earth Elementalist on Feb 13, 2023.
             Slain by a gnoll bouda
             ... wielding a +0 whip
              (4 damage)
             ... on level 4 of the Dungeon.
             The game lasted 00:03:03 (3499 turns).

kae the Digger (Gargoyle Earth Elementalist)        Turns: 3499, Time: 00:03:03

Health: -1/36      AC:  7    Str: 12    XL:     7   Next: 23%
Magic:  5/13       EV:  6    Int: 17    God:
Gold:   240        SH:  0    Dex: 10    Spells: 8/14 levels left

rFire   . . .      SeeInvis .    l - +2 whip (venom)
rCold   . . .      Faith    .    (no shield)
rNeg    + . .      Spirit   .    a - +1 robe
rPois   ∞          Reflect  .    (no helmet)
rElec   +          Harm     .    (no cloak)
rCorr   .          Rampage  .    (no gloves)
Will    .....                    (no boots)
Stlth   ++                       (no amulet)
HPRegen 0.26/turn                (no ring)
MPRegen 0.13/turn                (no ring)

@: weakened, very slightly contaminated, held
A: sickness immunity, AC +4, negative energy resistance 1, electricity
resistance, torment resistance 1, petrification resistance
a: no special abilities


You were on level 4 of the Dungeon.
You visited 2 branches of the dungeon, and saw 5 of its levels.

You collected 240 gold pieces.


Innate Abilities, Weirdness & Mutations

You are immune to sickness and miasma.
Your stone body is resilient. (AC +4)
You are immune to poison.
You resist negative energy. (rN+)
You are resistant to electric shocks. (rElec)
You are resistant to unholy torment.
You are immune to petrification.


   Skills:
 - Level 1.5 Dodging
 - Level 2.1 Stealth
 + Level 4.1 Spellcasting
 * Level 5.0 Conjurations
 - Level 0.7 Transmutations
 + Level 6.0 Earth Magic


You had 8 spell levels left.
You knew the following spells:

 Your Spells              Type           Power      Damage    Failure   Level
a - Sandblast             Erth           46%        2d11      1%          1
b - Stone Arrow           Conj/Erth      44%        3d9       4%          3
c - Passwall              Tmut/Erth      11%        N/A       6%          2

Your spell library contained the following spells:

 Spells                   Type           Power      Damage    Failure   Level
 Petrify                  Tmut/Erth      14%        N/A       36%         4
 Conjure Ball Lightning   Conj/Air       6%         3x3d6     100%        6
 Discord                  Hex            1%         N/A       100%        8
 Disjunction              Tloc           1%         N/A       100%        8

Inventory:

Hand Weapons
 l - a +2 whip of venom (weapon)
   (You took it off a kobold on level 2 of the Dungeon)
Missiles
 h - 31 stones
 p - 13 poisoned darts
Armour
 a - a +1 robe (worn)
Magical Staves
 q - a staff of earth {!a}
   (You found it on level 4 of the Dungeon)
Jewellery
 v - a ring of see invisible
   (You found it on level 4 of the Dungeon)
Wands
 r - a wand of flame (21)
   (You found it on level 3 of the Dungeon)
Scrolls
 i - a scroll of summoning
Potions
 b - a potion of magic
 c - 4 potions of curing {unknown}
 d - a potion of attraction {!q}
 e - a potion of mutation {!q}
 f - 2 potions of berserk rage {unknown}
 g - 2 potions of degeneration {!q}
 j - 3 potions of flight {unknown}
 k - 3 potions of haste {unknown}
 m - a potion of brilliance {unknown}
 n - 3 potions of lignification {unknown}

Dungeon Overview and Level Annotations

Branches:
Dungeon (4/15) Zot: 20575  Temple (1/1) D:4 Zot: 5858

Altars:
Ashenzari
Cheibriados
Dithmenos
Fedhas
Gozag
Hepliaklqana
Kikubaaqudgha
Makhleb
Nemelex Xobeh
Qazlal
Ru
Sif Muna
Trog
Uskayaw
The Shining One

#..........######.###...
.#
####.......#.......♣#♣.♣
.# #......#..P.P........
.# #.^........>..##♣#♣.♣
.# #.........P.P.# #.#
.###### #.............#
♣.♣ .'....#
####)........## #..
.####.# #g).......# ###
....#.# #@........#
###.#.# ###.........#
.<..#.# #...........#
..###.# #.#........
......# ####.#<.......
......# #....#########
##.#.## #.####
##...######.#
###.....#...#


You could see a gnoll bouda.


Message History

You become entangled in the net!
Your Conjurations skill increases to level 5!
Your Earth Magic skill increases to level 6! 😎 MP[-1]
You lost 1 mp, and now have 11/13 mp.
Casting: Sandblast (safe; 1% risk of failure)
Confirm with . or Enter, or press ? or * to list all spells.
Aiming: Sandblast (safe; 1% risk of failure)
Press: ? - help, Shift-Dir - straight line, f - gnoll
Aim: a gnoll, wielding a +0 flail (covering ground quickly, 85% to hit)
The blast of sand hits the gnoll. 😎 MP[-1]
You lost 1 mp, and now have 10/13 mp.
Casting: Sandblast (safe; 1% risk of failure)
Confirm with . or Enter, or press ? or * to list all spells.
Aiming: Sandblast (safe; 1% risk of failure)
Press: ? - help, Shift-Dir - straight line, f/p - gnoll
Aim: a gnoll, wielding a +0 flail (lightly wounded, covering ground quickly, 85% to hit)
The blast of sand hits the gnoll.
The gnoll bouda hits you with a +0 whip.
The gnoll hits you with a +0 flail. 😕 HP[-6] MP[-1]
You take 6 damage, and now have 30/36 hp.
You lost 1 mp, and now have 9/13 mp.
Casting: Sandblast (safe; 1% risk of failure)
Confirm with . or Enter, or press ? or * to list all spells.
Aiming: Sandblast (safe; 1% risk of failure)
Press: ? - help, Shift-Dir - straight line, f/p - gnoll
Aim: a gnoll, wielding a +0 flail (heavily wounded, covering ground quickly, 85% to hit)
The blast of sand hits the gnoll!
You kill the gnoll!
The gnoll bouda gazes fiercely through you!
You feel your attacks grow feeble.
The gnoll bouda hits you with a +0 whip.
The gnoll bouda completely misses you. 😕 HP[-2]
You take 2 damage, and now have 28/36 hp.
Casting: Sandblast (safe; 1% risk of failure)
Confirm with . or Enter, or press ? or * to list all spells.
Aiming: Sandblast (safe; 1% risk of failure)
Press: ? - help, Shift-Dir - straight line, f - gnoll bouda
Aim: a gnoll bouda, wielding a +0 whip, wearing a +0 leather armour and wearing an amulet of magic regeneration (85% to hit)
You miscast Sandblast.
You are very lightly contaminated with residual magic.
Nothing appears to happen.
The gnoll bouda hits you with a +0 whip! 😮 HP[-7] MP[-1]
You take 7 damage, and now have 21/36 hp.
You lost 1 mp, and now have 8/13 mp.
Casting: Sandblast (safe; 1% risk of failure)
Confirm with . or Enter, or press ? or * to list all spells.
Aiming: Sandblast (safe; 1% risk of failure)
Press: ? - help, Shift-Dir - straight line, f/p - gnoll bouda
Aim: a gnoll bouda, wielding a +0 whip, wearing a +0 leather armour and wearing an amulet of magic regeneration (85% to hit)
The blast of sand hits the gnoll bouda.
The gnoll bouda hits you with a +0 whip.
* * * LOW HITPOINT WARNING * * *
😨 HP[-3] MP[-1]
You take 3 damage, and now have 18/36 hp.
You lost 1 mp, and now have 7/13 mp.
Casting: Sandblast (safe; 1% risk of failure)
Confirm with . or Enter, or press ? or * to list all spells.
Aiming: Sandblast (safe; 1% risk of failure)
Press: ? - help, Shift-Dir - straight line, f/p - gnoll bouda
Aim: a gnoll bouda, wielding a +0 whip, wearing a +0 leather armour and wearing an amulet of magic regeneration (moderately wounded, 85% to hit)
The blast of sand hits the gnoll bouda but does no damage.
The gnoll bouda barely misses you.
The gnoll bouda hits you with a +0 whip!
* * * LOW HITPOINT WARNING * * *
😨 HP[-8] MP[-1]
You take 8 damage, and now have 10/36 hp.
MASSIVE DAMAGE!! (PAUSE)
You lost 1 mp, and now have 6/13 mp.
Casting: Sandblast (safe; 1% risk of failure)
Confirm with . or Enter, or press ? or * to list all spells.
Aiming: Sandblast (safe; 1% risk of failure)
Press: ? - help, Shift-Dir - straight line, f/p - gnoll bouda
Aim: a gnoll bouda, wielding a +0 whip, wearing a +0 leather armour and wearing an amulet of magic regeneration (moderately wounded, 85% to hit)
The blast of sand hits the gnoll bouda!
Your attacks no longer feel as feeble.
The gnoll bouda hits you with a +0 whip!
* * * LOW HITPOINT WARNING * * *
😱 HP[-8] MP[-1]
You take 8 damage, and now have 2/36 hp.
MASSIVE DAMAGE!! (PAUSE)
You lost 1 mp, and now have 5/13 mp.
Okay, then.
Casting: Sandblast (safe; 1% risk of failure)
Confirm with . or Enter, or press ? or * to list all spells.
Aiming: Sandblast (safe; 1% risk of failure)
Press: ? - help, Shift-Dir - straight line, f/p - gnoll bouda
Aim: a gnoll bouda, wielding a +0 whip, wearing a +0 leather armour and wearing an amulet of magic regeneration (severely wounded, 85% to hit)
The blast of sand hits the gnoll bouda.
The gnoll bouda gazes fiercely through you!
You feel your attacks grow feeble. The gnoll bouda barely misses you.
The gnoll bouda gazes fiercely through you!
You feel as though you will be weak longer.
The gnoll bouda hits you with a +0 whip.
You die...

Skill      XL: |  1  2  3  4  5  6  7 |
---------------+----------------------+-----
Earth Magic    | 4 5 6 |  6.0
Conjurations   | 1 2 3 4 5 |  5.0
Spellcasting   | 3 4 |  4.1
Dodging        | |  1.5
Stealth        | |  2.1
Transmutations | |  0.7

Action                     |  1- 3 |  4- 6 |  7- 9 || total
---------------------------+-------+-------+-------++-------
  Melee: Unarmed           |    21 |       |       ||    21
         Whip              |       |    14 |    14 ||    28
   Cast: Sandblast         |    46 |    66 |    14 ||   126
         Stone Arrow       |       |     3 |       ||     3
    Use: Scroll            |     2 |     8 |       ||    10
 Armour: Robe              |    12 |     8 |     9 ||    29
  Dodge: Dodged            |    37 |    33 |     4 ||    74

Levels and vault maps discovered:
D:1:      minmay_arrival_jagged, layout_rooms, minmay_split_cup_small
D:2:      layout_loops_cross, minmay_goblin_kobold_house
D:3:      layout_loops_cross, mrwooster_statue_mirror, uniq_natasha
D:4:      layout_basic, nicolae_uskayaw_dance_hall, minmay_temple_entry_trees,
          serial_forest, infiniplex_forest_clump_long, infiniplex_forest_end_3,
          infiniplex_forest_lined_4_way, infiniplex_forest_clump_small,
          minmay_misc_feat_more_columns, uniq_edmund
Temple:   nicolae_temple_two_arcs

Notes
Turn   | Place    | Note
-------+----------+-------------------------------------------
     0 | D:1      | kae the Gargoyle Earth Elementalist began the quest for the
                  | Orb.
     0 | D:1      | Reached XP level 1. HP: 10/10 MP: 3/3
     3 | D:1      | magus.rc [v1.11.3]
   186 | D:1      | Reached skill level 4 in Earth Magic
   186 | D:1      | Reached XP level 2. HP: 15/15 MP: 3/5
   816 | D:2      | Reached XP level 3. HP: 19/19 MP: 4/7
   820 | D:2      | Learned a level 3 spell: Stone Arrow
   823 | D:2      | Learned a level 2 spell: Passwall
  1167 | D:2      | Reached skill level 1 in Conjurations
  1487 | D:2      | Reached XP level 4. HP: 24/24 MP: 6/8
  1687 | D:3      | Noticed Natasha
  1692 | D:3      | Killed Natasha
  1693 | D:3      | Reached skill level 3 in Spellcasting
  1709 | D:3      | Reached skill level 2 in Conjurations
  1908 | D:3      | Noticed Natasha
  1912 | D:3      | Killed Natasha
  1913 | D:3      | Reached skill level 5 in Earth Magic
  1913 | D:3      | Reached XP level 5. HP: 28/28 MP: 5/9
  1927 | D:3      | Noticed Natasha
  1928 | D:3      | Killed Natasha
  2009 | D:3      | You pick up a book of Chaos and begin reading...
  2009 | D:3      | You add the spells Conjure Ball Lightning, Disjunction and
                  | Discord to your library.
  2090 | D:3      | Reached skill level 3 in Conjurations
  2394 | D:4      | Found a staircase to the Ecumenical Temple.
  2465 | D:4      | Reached XP level 6. HP: 20/32 MP: 6/11
  2482 | Temple   | Entered the Ecumenical Temple
  2867 | D:4      | Found a hide-covered altar of Uskayaw.
  2885 | D:4      | Noticed Edmund
  2929 | D:4      | Reached skill level 4 in Conjurations
  3236 | D:4      | Killed Edmund
  3237 | D:4      | Reached skill level 4 in Spellcasting
  3237 | D:4      | Reached XP level 7. HP: 25/36 MP: 2/13
  3491 | D:4      | Reached skill level 5 in Conjurations
  3491 | D:4      | Reached skill level 6 in Earth Magic
  3498 | D:4      | HP: 2/36 [gnoll bouda/+0 whip (8)]
  3499 | D:4      | Slain by a gnoll bouda

Vanquished Creatures
  Edmund (D:4)
  A hound (D:4)
  2 orc priests (D:4)
  An iguana (D:4)
  Natasha (thrice) (D:3)
  2 orc wizards (D:4)
  3 gnolls (D:4)
  8 adders
  A dart slug (D:1)
  7 orcs
  3 endoplasms
  3 giant cockroaches
  6 goblins
  4 hobgoblins
  4 jackals (D:1)
  13 kobolds
  4 quokkas
  4 ball pythons
  3 bats
  2 rats
75 creatures vanquished.

Vanquished Creatures (others)
  3 bushes (D:4)
  6 plants (D:4)
9 creatures vanquished.

Grand Total: 84 creatures vanquished

Table legend:
 A = Non-vault XP
 B = Vault XP
 C = Vault XP percentage of total XP
 D = Non-vault monster count
 E = Vault monster count
 F = Vault count percentage of total count
                 A         B        C        D         E       F
            +---------+---------+-------+---------+---------+-------
      Total |     547 |     205 |  27.3 |      67 |       8 |  10.7
            +---------+---------+-------+---------+---------+-------
        D:1 |      23 |       8 |  25.8 |      13 |       3 |  18.8
        D:2 |      52 |       4 |   7.1 |      17 |       3 |  15.0
        D:3 |     130 |      35 |  21.2 |      18 |       1 |   5.3
        D:4 |     342 |     158 |  31.6 |      19 |       1 |   5.0
            +---------+---------+-------+---------+---------+-------

Illustrated notes

Table legend:
 A = Kills in this place as a percentage of kills in entire the game.
 B = Kills by you in this place as a percentage of kills by you in the entire game.
 C = Kills by friends in this place as a percentage of kills by friends in the entire game.
 D = Other kills in this place as a percentage of other kills in the entire game.
 E = Experience gained in this place as a percentage of experience gained in the entire game.
 F = Experience gained in this place divided by the number of levels of this place that you have seen.
                   A       B       C       D       E      F
               +-------+-------+-------+-------+-------+----------------------
         Total | 100.0 | 100.0 |   N/A |   N/A | 100.0 | 150.4
       Dungeon | 100.0 | 100.0 |   N/A |   N/A | 100.0 | 188.0
               +-------+-------+-------+-------+-------+----------------------

Table legend: (Time is in decaauts)
 A = Elapsed time spent in this place.
 B = Non-inter-level travel time spent in this place.
 C = Inter-level travel time spent in this place.
 D = Time resting spent in this place.
 E = Time spent auto-exploring this place.
 F = Levels seen in this place.
 G = Mean time per level.
                   A        B        C        D        E       F      G
               +--------+--------+--------+--------+--------+-----+--------+
         Total |   3564 |   3428 |    136 |    134 |   2780 |   5 |  712.8 |
       Dungeon |   3422 |   3294 |    128 |    134 |   2652 |   4 |  855.5 |
        Temple |    141 |    134 |      7 |      0 |    128 |   1 |  141.0 |
               +--------+--------+--------+--------+--------+-----+--------+

Top non-repeatable levels by time:
     D:4: 935 daAuts
     D:3: 868 daAuts
     D:2: 835 daAuts
     D:1: 783 daAuts
  Temple: 141 daAuts
